General information
- name: BNet
- type: Ladder team game (AT/RT)
- host: Battle.net
- saver: festiveclown23
map: GolemsInTheMist_LV
- players: 8
- length: 32:08
- speed: Fast
- version: 1.29 W3XP
- replay type: Public
» download(286 KB)
Players
team 1 (loser)

»
nShade (
teal | 64 APM | 1972 actions | 31:00)
4 Demon Hunter
2 Mana Burn
2 Evasion
» actions
| Assign group hotkey | 39 | |
| Basic commands | 148 | |
| Build / train | 59 | |
| ESC pressed | 8 | |
| Enter build submenu | 26 | |
| Enter hero's abilities submenu | 4 | |
| Right click | 1213 | |
| Select / deselect | 220 | |
| Select group hotkey | 187 | |
| Use ability | 68 | |
1972 total
» units
| Wisp | 13 | |
| Archer | 6 | |
| Huntress | 12 | |
| Dryad | 17 | |
48 total
» upgrades
| Ultravision | 1 | |
| Abolish Magic | 1 | |
| Strength of the Wild | 1 | |
| Strength of the Moon | 1 | |
4 total
» buildings
| Altar of Elders | 1 | |
| Moon Well | 14 | |
| Ancient of War | 3 | |
| Hunter's Hall | 1 | |
| Tree of Ages | 1 | |
| Ancient of Lore | 2 | |
| Tree of Life | 1 | |
| Ancient of Wonders | 1 | |
24 total
» build order
00:13 Altar of Elders
00:19 Moon Well
00:40 Ancient of War
01:46 Hunter's Hall
02:10 Ancient of War
02:26 Moon Well
02:59 Moon Well
04:44 Tree of Ages
05:44 Moon Well
06:37 Moon Well
09:02 Ancient of Lore
09:06 Ancient of Lore
10:15 Moon Well
15:43 Tree of Life
18:12 Ancient of Wonders
22:54 Moon Well
22:57 Moon Well
23:01 Moon Well
23:10 Moon Well
23:13 Moon Well
23:16 Moon Well
23:32 Moon Well
23:40 Moon Well
23:57 Ancient of War
festiveclown23 (
green | 95 APM | 3042 actions | 32:08)
5 Archmage
3 Summon Water Elemental
2 Brilliance Aura
3 Mountain King
2 Storm Bolt
1 Bash
» actions
| Assign group hotkey | 82 | |
| Basic commands | 404 | |
| Build / train | 124 | |
| ESC pressed | 2 | |
| Enter build submenu | 46 | |
| Enter hero's abilities submenu | 8 | |
| Give item / drop item | 8 | |
| Right click | 638 | |
| Select / deselect | 479 | |
| Select group hotkey | 1104 | |
| Use ability | 147 | |
3042 total
» units
| Peasant | 12 | |
| Footman | 6 | |
| Rifleman | 4 | |
| Goblin Shredder | 2 | |
| Goblin Zeppelin | 2 | |
| Priest | 1 | |
| Gryphon Rider | 4 | |
| Dragonhawk Rider | 6 | |
| Goblin Sapper | 3 | |
40 total
» upgrades
| Gunpowder | 2 | |
| Long Rifles | 1 | |
| Armor | 3 | |
| Masonry | 3 | |
| Plating | 1 | |
| Priest Training | 2 | |
| Swords | 3 | |
| Sorceress Training | 2 | |
| Animal War Training | 1 | |
| Cloud | 1 | |
| Storm Hammers | 1 | |
20 total
» buildings
| Altar of Kings | 1 | |
| Barracks | 1 | |
| Farm | 13 | |
| Arcane Vault | 1 | |
| Blacksmith | 1 | |
| Keep | 2 | |
| Lumber Mill | 1 | |
| Castle | 2 | |
| Scout Tower | 18 | |
| Arcane Tower | 3 | |
| Guard Tower | 15 | |
| Arcane Sanctum | 2 | |
| Gryphon Aviary | 4 | |
| Town Hall | 1 | |
65 total
» build order
00:53 Altar of Kings
00:56 Barracks
00:59 Farm
01:05 Farm
01:21 Farm
02:03 Arcane Vault
02:14 Farm
02:35 Blacksmith
03:47 Keep
03:47 Keep
03:52 Farm
05:36 Lumber Mill
06:30 Farm
06:39 Castle
06:40 Castle
06:57 Scout Tower
07:00 Scout Tower
07:42 Arcane Tower
07:42 Guard Tower
07:43 Guard Tower
08:32 Arcane Sanctum
08:34 Arcane Sanctum
08:49 Gryphon Aviary
10:09 Farm
10:27 Town Hall
10:28 Scout Tower
10:30 Scout Tower
11:37 Gryphon Aviary
12:09 Gryphon Aviary
12:14 Arcane Tower
12:14 Arcane Tower
12:15 Guard Tower
12:15 Guard Tower
13:12 Farm
13:15 Farm
13:21 Gryphon Aviary
15:52 Farm
24:46 Farm
24:47 Farm
24:47 Farm
24:49 Scout Tower
24:50 Scout Tower
24:51 Scout Tower
24:54 Scout Tower
25:08 Scout Tower
25:09 Scout Tower
25:09 Scout Tower
25:10 Scout Tower
25:13 Scout Tower
25:34 Guard Tower
25:34 Guard Tower
25:37 Scout Tower
25:38 Scout Tower
25:39 Guard Tower
25:39 Guard Tower
25:53 Guard Tower
25:53 Guard Tower
25:54 Scout Tower
25:58 Guard Tower
25:58 Guard Tower
25:59 Scout Tower
26:00 Scout Tower
26:19 Guard Tower
26:19 Guard Tower
26:49 Guard Tower
» items
| Scroll of Regeneration | 2 | |
| Mechanical Critter | 2 | |
| Boots of Speed | 1 | |
| Periapt of Vitality | 1 | |
| Staff of Teleportation | 2 | |
| Staff of Sanctuary | 1 | |
| Potion of Healing | 2 | |
| Orb of Fire | 1 | |
| Orb of Corruption | 1 | |
| Scroll of Healing | 1 | |
| Scroll of Town Portal | 1 | |
15 total

»
practiceok (
orange | 56 APM | 1766 actions | 31:42)
3 Priestess of the Moon
1 Searing Arrows
2 Trueshot Aura
3 Keeper of the Grove
1 Entangling Roots
2 Force of Nature
» actions
| Assign group hotkey | 465 | |
| Basic commands | 71 | |
| Build / train | 49 | |
| ESC pressed | 6 | |
| Enter build submenu | 17 | |
| Enter hero's abilities submenu | 6 | |
| Right click | 563 | |
| Select / deselect | 204 | |
| Select group hotkey | 335 | |
| Use ability | 50 | |
1766 total
» units
| Wisp | 18 | |
| Huntress | 7 | |
| Dryad | 6 | |
| Archer | 3 | |
34 total
» upgrades
| Abolish Magic | 1 | |
| Improved Bows | 1 | |
| Marksmanship | 1 | |
3 total
» buildings
| Altar of Elders | 1 | |
| Moon Well | 7 | |
| Hunter's Hall | 1 | |
| Ancient of War | 2 | |
| Tree of Ages | 1 | |
| Tree of Life | 2 | |
| Ancient of Lore | 2 | |
| Tree of Eternity | 1 | |
| Ancient of Wonders | 1 | |
18 total
» build order
00:11 Altar of Elders
00:20 Moon Well
01:36 Hunter's Hall
01:48 Ancient of War
02:06 Ancient of War
02:18 Moon Well
02:53 Moon Well
03:41 Moon Well
05:15 Tree of Ages
05:45 Tree of Life
08:01 Ancient of Lore
08:12 Ancient of Lore
09:44 Tree of Eternity
13:50 Moon Well
13:52 Moon Well
15:08 Ancient of Wonders
15:12 Moon Well
16:48 Tree of Life

»
MYTHBURSTER (
red | 60 APM | 1883 actions | 31:29)
5 Dark Ranger
3 Black Arrow
2 Silence
3 Death Knight
2 Death Coil
1 Unholy Aura
» actions
| Assign group hotkey | 44 | |
| Basic commands | 227 | |
| Build / train | 61 | |
| Enter build submenu | 17 | |
| Enter hero's abilities submenu | 8 | |
| Give item / drop item | 4 | |
| Remove unit from queue | 3 | |
| Right click | 922 | |
| Select / deselect | 261 | |
| Select group hotkey | 299 | |
| Use ability | 37 | |
1883 total
» units
| Acolyte | 9 | |
| Ghoul | 5 | |
| Crypt Fiend | 11 | |
| Frost Wyrm | 7 | |
| Gargoyle | -1 | |
31 total
» upgrades
| Creature Carapace | 2 | |
| Web | 1 | |
| Burrow | 1 | |
| Creature Attack | 3 | |
| Freezing Breath | 1 | |
8 total
» buildings
| Crypt | 1 | |
| Ziggurat | 8 | |
| Graveyard | 1 | |
| Altar of Darkness | 1 | |
| Tomb of Relics | 1 | |
| Nerubian Tower | 1 | |
| Halls of the Dead | 1 | |
| Sacrificial Pit | 1 | |
| Black Citadel | 2 | |
| Boneyard | 2 | |
| Necropolis | 1 | |
20 total
» build order
00:16 Crypt
00:22 Ziggurat
00:45 Graveyard
01:05 Altar of Darkness
01:28 Tomb of Relics
01:57 Ziggurat
03:59 Ziggurat
05:30 Nerubian Tower
05:32 Halls of the Dead
06:46 Ziggurat
06:59 Ziggurat
09:27 Sacrificial Pit
10:06 Black Citadel
10:06 Black Citadel
10:45 Ziggurat
13:07 Boneyard
13:11 Boneyard
15:23 Ziggurat
17:48 Necropolis
21:49 Ziggurat
» items
| Scroll of Town Portal | 1 | |
| Potion of Healing | 1 | |
| Orb of Corruption | 1 | |
3 total
team 2 (winner)

»
Intrigue (
blue | 63 APM | 652 actions | 10:18)
3 Blademaster
2 Wind Walk
1 Critical Strike
1 Shadow Hunter
1 Healing Wave
» actions
| Assign group hotkey | 29 | |
| Build / train | 26 | |
| ESC pressed | 1 | |
| Enter build submenu | 9 | |
| Enter hero's abilities submenu | 4 | |
| Right click | 263 | |
| Select / deselect | 98 | |
| Select group hotkey | 187 | |
| Use ability | 35 | |
652 total
» units
» buildings
| Altar of Storms | 1 | |
| Orc Burrow | 5 | |
| Barracks | 1 | |
| Voodoo Lounge | 1 | |
| Stronghold | 1 | |
9 total
» build order
00:07 Altar of Storms
00:18 Orc Burrow
00:51 Barracks
01:36 Orc Burrow
01:41 Voodoo Lounge
02:33 Orc Burrow
03:29 Stronghold
04:45 Orc Burrow
07:53 Orc Burrow
» items
| Healing Salve | 3 | |
| Scroll of Town Portal | 2 | |
5 total
konten1 (
pink | 62 APM | 768 actions | 12:26)
3 Keeper of the Grove
2 Force of Nature
1 Entangling Roots
» actions
| Assign group hotkey | 3 | |
| Basic commands | 12 | |
| Build / train | 41 | |
| Enter build submenu | 29 | |
| Enter hero's abilities submenu | 3 | |
| Remove unit from queue | 2 | |
| Right click | 336 | |
| Select / deselect | 241 | |
| Select group hotkey | 43 | |
| Use ability | 58 | |
768 total
» units
| Wisp | 21 | |
| Archer | 4 | |
| Troll Batrider | 1 | |
26 total
» upgrades
» buildings
| Altar of Elders | 2 | |
| Ancient of War | 1 | |
| Moon Well | 7 | |
| Ancient of Wonders | 2 | |
| Tree of Ages | 1 | |
| Tree of Life | 2 | |
| Tree of Eternity | 1 | |
| Ancient of Wind | 1 | |
| Chimaera Roost | 3 | |
| Fortress | 1 | |
| Beastiary | 3 | |
| Orc Burrow | 1 | |
25 total
» build order
00:09 Altar of Elders
00:14 Altar of Elders
00:16 Ancient of War
00:23 Moon Well
01:39 Moon Well
02:00 Ancient of Wonders
03:37 Tree of Ages
04:32 Moon Well
05:37 Moon Well
05:49 Tree of Life
06:11 Tree of Life
06:17 Tree of Eternity
06:54 Ancient of Wind
07:40 Moon Well
10:09 Chimaera Roost
10:13 Ancient of Wonders
10:22 Chimaera Roost
10:36 Chimaera Roost
11:07 Fortress
11:11 Beastiary
11:17 Beastiary
11:21 Beastiary
11:24 Orc Burrow
11:31 Moon Well
11:36 Moon Well
» items
| Potion of Healing | 2 | |
| Scroll of Town Portal | 1 | |
| Potion of Mana | 2 | |
5 total
orkrog (
purple | 73 APM | 2344 actions | 32:08)
7 Blademaster
3 Wind Walk
3 Critical Strike
1 Bladestorm
» actions
| Assign group hotkey | 62 | |
| Basic commands | 41 | |
| Build / train | 88 | |
| Enter build submenu | 57 | |
| Enter hero's abilities submenu | 10 | |
| Give item / drop item | 3 | |
| Right click | 991 | |
| Select / deselect | 324 | |
| Select group hotkey | 654 | |
| Use ability | 114 | |
2344 total
» units
| Peon | 8 | |
| Grunt | 4 | |
| Goblin Shredder | 1 | |
| Wind Rider | 20 | |
| Chimaera | 1 | |
| Acolyte | 5 | |
39 total
» upgrades
| Reinforced Defenses | 2 | |
| Armor | 7 | |
| Ranged Weapons | 6 | |
| Envenomed Spears | 2 | |
17 total
» buildings
| Orc Burrow | 7 | |
| Altar of Storms | 1 | |
| Barracks | 1 | |
| Voodoo Lounge | 1 | |
| Stronghold | 1 | |
| War Mill | 3 | |
| Great Hall | 5 | |
| Fortress | 1 | |
| Watch Tower | 35 | |
| Beastiary | 4 | |
| Necropolis | 1 | |
60 total
» build order
00:06 Orc Burrow
00:57 Orc Burrow
01:03 Altar of Storms
01:04 Barracks
01:37 Voodoo Lounge
02:53 Stronghold
03:50 Orc Burrow
04:33 War Mill
05:16 Orc Burrow
06:10 Great Hall
06:16 Fortress
07:38 Watch Tower
07:39 Watch Tower
07:39 Watch Tower
08:38 Beastiary
08:38 Beastiary
08:39 Beastiary
08:43 Beastiary
09:31 War Mill
11:52 Orc Burrow
11:59 Orc Burrow
14:27 War Mill
15:01 Watch Tower
15:01 Watch Tower
15:02 Watch Tower
15:02 Watch Tower
15:40 Watch Tower
15:47 Watch Tower
15:48 Watch Tower
15:48 Watch Tower
17:43 Orc Burrow
17:53 Watch Tower
17:55 Watch Tower
18:10 Great Hall
18:11 Watch Tower
18:15 Great Hall
18:15 Watch Tower
18:45 Watch Tower
18:45 Watch Tower
18:46 Watch Tower
18:46 Watch Tower
18:46 Watch Tower
18:47 Watch Tower
18:47 Watch Tower
18:48 Watch Tower
18:48 Watch Tower
18:49 Watch Tower
18:54 Watch Tower
18:55 Watch Tower
18:56 Watch Tower
18:56 Watch Tower
19:46 Watch Tower
19:47 Watch Tower
24:16 Great Hall
24:18 Watch Tower
24:18 Watch Tower
24:19 Watch Tower
24:21 Watch Tower
25:29 Necropolis
25:39 Great Hall
» items
| Healing Salve | 4 | |
| Scroll of Town Portal | 4 | |
| Orb of Lightning | 1 | |
| Lesser Clarity Potion | 2 | |
| Potion of Mana | 2 | |
| Potion of Healing | 1 | |
| Scroll of Protection | 2 | |
| Scroll of Healing | 1 | |
| Potion of Lesser Invulnerability | 1 | |
| Periapt of Vitality | 1 | |
| Dust of Appearance | 1 | |
20 total

»
IStillDontCare (
yellow | 59 APM | 728 actions | 12:23)
3 Death Knight
2 Death Coil
1 Death Pact
» actions
| Assign group hotkey | 24 | |
| Basic commands | 11 | |
| Build / train | 36 | |
| ESC pressed | 2 | |
| Enter build submenu | 10 | |
| Enter hero's abilities submenu | 3 | |
| Right click | 290 | |
| Select / deselect | 179 | |
| Select group hotkey | 145 | |
| Use ability | 28 | |
728 total
» units
| Acolyte | 3 | |
| Ghoul | 6 | |
| Crypt Fiend | 12 | |
21 total
» upgrades
| Creature Carapace | 1 | |
| Creature Attack | 1 | |
2 total
» buildings
| Ziggurat | 4 | |
| Altar of Darkness | 1 | |
| Crypt | 2 | |
| Graveyard | 1 | |
| Tomb of Relics | 1 | |
| Nerubian Tower | 1 | |
| Halls of the Dead | 1 | |
| Spirit Tower | 2 | |
| Black Citadel | 1 | |
14 total
» build order
00:09 Ziggurat
00:14 Altar of Darkness
00:38 Crypt
00:59 Graveyard
01:17 Ziggurat
01:39 Tomb of Relics
02:04 Nerubian Tower
05:05 Halls of the Dead
05:07 Ziggurat
05:44 Spirit Tower
08:19 Black Citadel
09:41 Ziggurat
09:58 Crypt
11:43 Spirit Tower
» items
| Rod of Necromancy | 1 | |
| Sacrificial Skull | 1 | |
| Scroll of Town Portal | 1 | |
| Potion of Healing | 1 | |
4 total
Chat log
(00:25 / Allies) nShade: lol myth you back now? xD
(00:32 / Allies) MYTHBURSTER: sorry
(00:44 / Allies) nShade: npnp
(00:48 / Allies) practiceok: all the noobs in the world are out with this patch
(00:49 / Allies) MYTHBURSTER: thx
(00:52 / Allies) practiceok: why people play 4s idk
(00:58 / Allies) practiceok: 2s so much more fun
(01:02 / Allies) nShade: this is where the skillz are at
(01:04 / Allies) nShade: =D
(01:09 / Allies) practiceok: fuckin joke
(01:14 / Allies) festiveclown23: 4v4 is more chaotic, 2v2 is too serious
(01:18 / Allies) festiveclown23: 3v3 is nice balance but no one plays it
(01:22 / Allies) practiceok: 4s is no micro
(01:26 / Allies) practiceok: its a joke
(01:27 / Allies) festiveclown23: micro is important in 4s
(01:38 / Allies) practiceok: play 2s
(01:42 / Allies) practiceok: if you wanna play the actual game
(01:52 / Allies) practiceok: 4s is like playing half the game
(01:53 / Allies) festiveclown23: rather play solo if I want to tryhard and play the "actual game" thanks
(02:01 / Allies) festiveclown23: you just have a bad game or something?
(02:07 / Allies) festiveclown23: you seem bitter about 4v4
(02:10 / Allies) practiceok: no 4s is just bad
(02:16 / Allies) practiceok: its sad thats all people play on this server
(02:20 / Allies) festiveclown23: maybe you're bad if you think micro is unimportant in it
(02:27 / Allies) festiveclown23: don't blame everyone else for your issues dude
(02:31 / Allies) practiceok: im saying 4s players dont micro
(02:32 / Allies) practiceok: lol
(02:35 / Allies) practiceok: god damn ur stupid
(02:40 / Allies) festiveclown23: I think you are
(02:41 / Allies) practiceok: figures
(02:42 / Allies) practiceok: lol
(02:42 / Allies) festiveclown23: you're full of yourself
(02:43 / Allies) practiceok: that build
(02:48 / Allies) festiveclown23: it's a great build for 4v4
(02:50 / Allies) festiveclown23: slow build
(03:22 / Allies) MYTHBURSTER: take elf
(04:03 / Allies) practiceok: lol
(05:10 / Allies) practiceok: zz
(06:20 / Allies) practiceok: red cmon
(06:35 / Allies) MYTHBURSTER: gi go
(08:27 / Allies) practiceok: green?>
(08:30 / Allies) practiceok: wanna join the game?
(08:43 / Allies) festiveclown23: I'm playing the game thanks
(08:55 / Allies) practiceok: k
(08:59 / Allies) practiceok: guess thats a no
(09:07 / Allies) festiveclown23: not palying it how you want doesn't mean not playing
(09:13 / Allies) practiceok: just finish without him
(09:15 / Allies) practiceok: hes useless
(09:25 / Allies) festiveclown23: not doing what you want so I'm useless? it's not all about you orange
(09:32 / Allies) festiveclown23: get that ego under control
(10:17 / Allies) practiceok: get that common sense under control
(10:32 / Allies) practiceok: guess you play 4s so you can space out and not watch the map
(10:39 / Allies) festiveclown23: 4v4 is a team game and it doesn't revolve around one player's wants
(10:43 / Allies) festiveclown23: no wonder you dislike it
(10:46 / Allies) practiceok: errr
(10:51 / Allies) practiceok: you cant watch the map
(10:55 / Allies) practiceok: the most simple concept in the game
(10:57 / Allies) festiveclown23: I can see the map just fine thanks
(11:04 / Allies) festiveclown23: just don't feel like helping with a rush
(11:05 / Allies) practiceok: thats why you're still creeping
(11:07 / Allies) practiceok: lolol
(11:10 / Allies) festiveclown23: I'm not playing for wins
(11:15 / Allies) festiveclown23: I play video games for fun
(11:17 / Allies) practiceok: clearly
(11:22 / Allies) festiveclown23: you get raped last game?
(11:22 / Allies) practiceok: and killing nuetrals
(11:25 / Allies) practiceok: is fun to you?
(11:26 / Allies) practiceok: LOL
(11:26 / Allies) festiveclown23: you seem in such a bad mood
(11:29 / Allies) practiceok: thast hilarious
(11:39 / Allies) practiceok: glad to hear you have fun creeping all game
(11:40 / Allies) practiceok: lool
(11:44 / Allies) practiceok: joke of the day
(11:49 / Allies) festiveclown23: thanks, I'm glad I'm having fun too
(14:59 / Allies) MYTHBURSTER: wood?
(15:08 / Allies) MYTHBURSTER: thx
(16:32 / Allies) practiceok: are you serious dude?>
(16:39 / Allies) practiceok: grow up
(16:45 / Allies) nShade: why me? :(
(16:47 / Allies) festiveclown23: you got tked and raped last game
(16:52 / Allies) nShade: i didnt do anything T_T
(16:55 / Allies) festiveclown23: time for a second one
(16:56 / Allies) festiveclown23: to rage to
(17:14 / Allies) practiceok: lol
(17:16 / Allies) practiceok: this noob
(17:16 / Allies) festiveclown23: keep being a douchebag and getting yourself tked when whine more about 4v4
(17:22 / Allies) practiceok: LOL
(17:25 / Allies) practiceok: hahahahaha
(17:29 / Allies) practiceok: you're really that mad huh?
(17:30 / Allies) festiveclown23: you're raging
(17:32 / Allies) practiceok: hahahahaha
(17:35 / Allies) practiceok: says the guy tking
(17:35 / Allies) festiveclown23: but keep pretending you're laughing
(17:35 / Allies) practiceok: LOL
(17:43 / Allies) practiceok: funny shit man
(17:45 / Allies) festiveclown23: I'm chill
(17:48 / Allies) festiveclown23: relaxing and tking
(17:51 / Allies) practiceok: i can tell
(17:55 / Allies) practiceok: youve been creeping all game
(17:55 / Allies) practiceok: lol
(18:07 / Allies) nShade: can we just win so i can go to bed? :(
(18:12 / Allies) festiveclown23: nope, you lose
(18:19 / Allies) festiveclown23: unless oj leaves, then you might have a chance
(18:19 / Allies) nShade: i didnt even do anything tho
(18:25 / Allies) festiveclown23: you're on his team
(18:31 / Allies) practiceok: he did the same thing last game
(18:34 / Allies) practiceok: hes a total loser
(18:36 / Allies) practiceok: he spent like
(18:38 / Allies) practiceok: 20 minutes
(18:39 / Allies) practiceok: tking
(18:40 / Allies) festiveclown23: lol
(18:42 / Allies) nShade: ..im on your team too man
(18:44 / Allies) practiceok: and killing all builidngs
(18:46 / Allies) nShade: how does this make any sense
(18:49 / Allies) practiceok: yeah
(18:50 / Allies) practiceok: hes
(18:51 / Allies) festiveclown23: and you stayed all game watching
(18:53 / Allies) festiveclown23: like a cuck
(18:53 / Allies) practiceok: a fucking nut
(18:56 / Allies) practiceok: lol
(18:57 / Allies) practiceok: seee
(18:59 / Allies) practiceok: its him
(18:59 / Allies) nShade: all game watching? im playing
(19:00 / Allies) nShade: wtf
(19:01 / Allies) practiceok: hes a wack job
(19:06 / Allies) practiceok: hilarious
(19:07 / Allies) festiveclown23: me and my friend killing buildings, you spent time not even do anything but watch lol!
(19:09 / Allies) practiceok: the noob again
(19:20 / Allies) nShade: ...what? i spent the entire game fighting
(19:23 / Allies) practiceok: i wanted to see if you actually would stay to kill all the buildings
(19:26 / Allies) practiceok: fucin hilarious man
(19:31 / Allies) practiceok: you have no life
(19:32 / Allies) practiceok: lol
(19:35 / Allies) festiveclown23: how mad you are bro?
(19:36 / Allies) practiceok: and you are horrible at this game
(19:37 / Allies) practiceok: :)
(19:39 / Allies) festiveclown23: and you do have a life?
(19:40 / Allies) practiceok: errr?
(19:43 / Allies) practiceok: dude
(19:45 / Allies) practiceok: you are terrible
(19:46 / Allies) practiceok: ur mad
(19:48 / Allies) festiveclown23: what's so much better about how you play the game
(19:48 / Allies) practiceok: i called u bad
(19:50 / Allies) practiceok: 2 games in a row
(19:51 / Allies) nShade: im actually a little salty you wasted my time, yes
(19:55 / Allies) practiceok: lol
(19:57 / Allies) nShade: "i play games for fun"
(19:58 / Allies) nShade: okay
(19:59 / Allies) practiceok: dudes a total faggot
(20:02 / Allies) practiceok: he matched me
(20:02 / Allies) festiveclown23: the way you play isn't any more productive
(20:02 / Allies) practiceok: 3x
(20:03 / Allies) nShade: cool
(20:04 / Allies) practiceok: first time
(20:06 / Allies) practiceok: i rape him
(20:07 / Allies) practiceok: next 2
(20:08 / Allies) festiveclown23: I'm tking a cock
(20:09 / Allies) practiceok: he tk's
(20:11 / Allies) festiveclown23: and you call me a cock?
(20:13 / Allies) festiveclown23: Last game I raped you
(20:15 / Allies) practiceok: dude
(20:15 / Allies) festiveclown23: you stood no chance
(20:17 / Allies) practiceok: ur clueless
(20:17 / Allies) nShade: YOU KILLED ME
(20:17 / Allies) practiceok: lol
(20:20 / Allies) nShade: i didnt even do anything
(20:23 / Allies) festiveclown23: and the way I play is designed around tking with my friend
(20:28 / Allies) practiceok: LOL
(20:30 / Allies) festiveclown23: I'm not playing tryhard, intentionally not pushing each other's teams
(20:32 / Allies) practiceok: LOLOL
(20:33 / Allies) practiceok: this guy
(20:37 / Allies) practiceok: listen to this
(20:41 / Allies) festiveclown23: my build is a tk build
(20:41 / Allies) practiceok: "i play this game for fun"
(20:46 / Allies) festiveclown23: slow build with expo and tech, towers
(20:49 / Allies) practiceok: "my build is a tk build"
(20:50 / Allies) practiceok: LOL
(20:51 / Allies) practiceok: bro
(20:52 / Allies) festiveclown23: Tking players like you is fun
(20:54 / Allies) practiceok: i watched you
(20:58 / Allies) festiveclown23: why are you so mad at the way I play
(21:00 / Allies) practiceok: you didnt even build anything
(21:02 / Allies) festiveclown23: like I said earlier it's not all about you
(21:05 / Allies) festiveclown23: I made units to creep
(21:05 / Allies) practiceok: then sent 3 peasants out
(21:09 / Allies) festiveclown23: and teched up to air to kill my allies
(21:10 / Allies) practiceok: to start buulding
(21:10 / Allies) festiveclown23: after his left
(21:11 / Allies) practiceok: lolol
(21:13 / Allies) practiceok: ur build
(21:15 / Allies) practiceok: was so noob
(21:20 / Allies) practiceok: i shoulda known it was you
(21:22 / Allies) practiceok: rofl
(21:22 / Allies) festiveclown23: My build was a great tk build
(21:24 / Allies) nShade: 10 years i havent played this game, but somehow 13 year old are still here doing this shit?
(21:26 / Allies) nShade: amazing
(21:28 / Allies) practiceok: seriously dude
(21:30 / Allies) practiceok: 2 games in a row
(21:36 / Allies) practiceok: for the past 30 minutes
(21:36 / Allies) festiveclown23: 2 games in a row, 2 losses on ur rec
(21:41 / Allies) festiveclown23: 4-6 now
(21:41 / Allies) practiceok: hes literally been tking with his friend
(21:42 / Allies) practiceok: lol
(21:43 / Allies) festiveclown23: time to make a new acc
(21:44 / Allies) practiceok: dude
(21:47 / Allies) practiceok: you seem to care
(21:48 / Allies) practiceok: i dont
(21:49 / Allies) practiceok: lol
(21:51 / Allies) practiceok: thats hilarious
(21:55 / Allies) festiveclown23: is that the words of someone who doesnt care
(21:57 / Allies) festiveclown23: if you didnt care
(22:03 / Allies) festiveclown23: you wouldnt be trying to convince me that
(22:05 / Allies) practiceok: listen to you
(22:06 / Allies) festiveclown23: while typing as much as you are
(22:13 / Allies) practiceok: "my build is for tking"
(22:15 / Allies) practiceok: LOL
(22:15 / Allies) festiveclown23: I think you are mad oj
(22:17 / Allies) practiceok: this guy
(22:19 / Allies) practiceok: ahhahahah
(22:20 / Allies) practiceok: dude
(22:23 / Allies) festiveclown23: it's a clearcutting build
(22:24 / Allies) practiceok: im laughing out loud
(22:25 / Allies) practiceok: tbh
(22:29 / Allies) festiveclown23: I bet you are
(22:30 / Allies) practiceok: funny stuff
(22:33 / Allies) practiceok: time to sit here
(22:34 / Allies) practiceok: and watch you
(22:35 / Allies) festiveclown23: you're not raging and shaking struggling to type at all
(22:38 / Allies) practiceok: kill all the buildings again
(22:47 / Allies) practiceok: have fun doing this
(22:54 / Allies) practiceok: cuase your elo will never be as high as mine wiht your micro
(22:55 / Allies) practiceok: lol
(22:58 / Allies) practiceok: ;)
(23:01 / Allies) practiceok: funny shit man
(23:13 / Allies) festiveclown23: my micro is better and my recs are better, you are a 4-6 player lol
(23:50 / All) festiveclown23: Oj is pissed
(24:03 / All) festiveclown23: we raped him last game and he was crying about how much 4v4 starts cuz of it from start of this one
(24:04 / All) festiveclown23: LOL!
(24:20 / All) practiceok: this guy is a crackhead
(24:24 / All) practiceok: lol
(24:27 / All) festiveclown23: methhead actually
(24:49 / Allies) practiceok: you and your friend are serious wack jobs man
(24:50 / Allies) practiceok: lol
(25:03 / All) festiveclown23: I don't sit around complaining how everyone else is the problem and doesn't play how I want
(25:05 / All) festiveclown23: in a team game
(25:07 / All) festiveclown23: go play solo noob
(25:09 / Allies) practiceok: except
(25:12 / Allies) MYTHBURSTER: green is winner ~~~!!!!
(25:15 / Allies) practiceok: listen to you type
(25:15 / Allies) festiveclown23: yes
(25:17 / Allies) practiceok: lol
(25:24 / Allies) festiveclown23: I win this oj, you can only lose when you play with us
(25:32 / Allies) practiceok: yeah
(25:36 / Allies) practiceok: enjoy it while u can buddy
(25:41 / Allies) festiveclown23: what's that mean
(25:41 / Allies) practiceok: lol
(25:47 / Allies) festiveclown23: I play on 0-0 accs
(25:50 / Allies) festiveclown23: also it's called ELL for warcraft 3
(25:51 / Allies) festiveclown23: not ELO
(26:01 / Allies) practiceok: rofl
(26:06 / Allies) festiveclown23: you a LoL player?
(26:09 / Allies) MYTHBURSTER: more destory ~~
(26:13 / Allies) practiceok: you crack me up
(26:13 / Allies) festiveclown23: no wonder you can't control whole armies very well
(26:18 / Allies) practiceok: lol
(26:19 / Allies) practiceok: says the guy
(26:22 / Allies) practiceok: who cant watch the map
(26:23 / Allies) practiceok: lol
(26:26 / Allies) festiveclown23: I was watching
(26:28 / Allies) practiceok: you are so bad
(26:29 / Allies) festiveclown23: I just didn't want to help
(26:30 / Allies) practiceok: you had 5k gold
(26:31 / Allies) festiveclown23: I'm not playing to win
(26:34 / Allies) practiceok: and couldnt learn how to use it
(26:35 / Allies) festiveclown23: what's so hard to understand about that
(26:38 / Allies) practiceok: got ur feelings hurt
(26:38 / Allies) festiveclown23: I didn't want to spend it yet
(26:41 / Allies) practiceok: so now ur TKing
(26:41 / Allies) festiveclown23: I was saving up for tking
(26:42 / Allies) practiceok: lool
(26:44 / Allies) practiceok: ahahhahahaha
(26:47 / Allies) practiceok: poor kid
(26:47 / Allies) festiveclown23: and massing up, having more gold than my allies
(26:49 / Allies) practiceok: got his feelings hurt
(26:52 / Allies) practiceok: wahhhhhhhhhh
(26:54 / Allies) practiceok: lollool
(26:56 / Allies) festiveclown23: not really
(26:57 / Allies) practiceok: poor kid
(26:58 / Allies) practiceok: so mad
(26:59 / Allies) practiceok: :(
(26:59 / Allies) festiveclown23: I think you're projecting
(27:01 / Allies) practiceok: its okay
(27:03 / Allies) festiveclown23: why do you take this so seriously?
(27:05 / Allies) festiveclown23: you're obviously upset
(27:05 / Allies) practiceok: youll live bro
(27:07 / Allies) practiceok: youll live
(27:08 / Allies) practiceok: LOL
(27:11 / Allies) practiceok: LOL
(27:13 / Allies) practiceok: did you really
(27:15 / Allies) practiceok: just ask that?
(27:17 / Allies) practiceok: ur the one
(27:20 / Allies) practiceok: thats spent the last hr
(27:24 / Allies) practiceok: trying to match wtih me
(27:25 / Allies) practiceok: lol
(27:30 / Allies) practiceok: think about that for a second
(27:33 / Allies) festiveclown23: I wasn't trying to match with you
(27:38 / Allies) festiveclown23: I just hit search with my friend to tk
(27:44 / Allies) festiveclown23: and you happened to still be searching too
(27:47 / Allies) practiceok: rofl
(27:52 / Allies) practiceok: yeah okay
(27:57 / Allies) practiceok: hahahaha
(28:01 / Allies) practiceok: so sad dude
(28:02 / Allies) MYTHBURSTER: hurry up green~~~~
(28:08 / Allies) festiveclown23: I go at my own pace
(28:10 / Allies) festiveclown23: not in a hurry
(28:13 / Allies) practiceok: lol
(28:14 / Allies) practiceok: clearly
(28:15 / Allies) festiveclown23: don't try to reverse psychology me
(28:16 / Allies) practiceok: ofc not
(28:24 / Allies) practiceok: i mean why would you be in a hurry
(28:27 / Allies) practiceok: you enjoy this
(28:29 / Allies) practiceok: lolol
(28:29 / Allies) MYTHBURSTER: so enjoy it haha
(28:38 / Allies) practiceok: hahahahahah
(28:39 / Allies) festiveclown23: I'm enjoying it a lot thanks
(28:44 / Allies) practiceok: ahahhahahahahah
(28:45 / Allies) festiveclown23: are you guys having as much fun as I am?
(28:47 / Allies) MYTHBURSTER: sociopass
(28:55 / Allies) practiceok: too bad youll never be good at the game
(28:59 / Allies) practiceok: but thats okay
(29:00 / Allies) practiceok: :)
(29:03 / Allies) festiveclown23: I'm one of the best at what I do
(29:05 / Allies) festiveclown23: no one can tk like I do
(29:08 / Allies) nShade: LOL
(29:12 / Allies) nShade: what a goof
(29:17 / Allies) practiceok: seriously dude
(29:19 / Allies) practiceok: this guy
(29:19 / Allies) festiveclown23: and when I play legit, I get good recs
(29:23 / Allies) practiceok: must be like 12
(29:24 / Allies) nShade: im sure you do
(29:25 / Allies) festiveclown23: I also know what ELL is called
(29:25 / Allies) practiceok: dude
(29:27 / Allies) practiceok: ur terrible
(29:30 / Allies) practiceok: you dont even micro
(29:32 / Allies) nShade: im sure you were do good at this game back in the day, too
(29:32 / Allies) practiceok: lol
(29:38 / Allies) festiveclown23: if I'm so bad why do I have units and you don't?
(29:43 / Allies) festiveclown23: can't micro 3v1 vs one backstabber?
(29:52 / Allies) practiceok: dat logic
(29:54 / Allies) practiceok: so strong
(29:55 / Allies) nShade: LOL
(29:57 / Allies) festiveclown23: You can't adapt to a tker
(30:05 / Allies) festiveclown23: chickens with their heads cut off
(30:17 / Allies) practiceok: strong logic bro
(30:18 / Allies) nShade: your teammate kills your army, kills your base, LOL YOU CANT ADAPT
(30:20 / Allies) nShade: makes sense
(30:21 / Allies) festiveclown23: thanks oj
(30:23 / Allies) practiceok: lol
(30:24 / Allies) nShade: fucking dumbass
(30:25 / Allies) nShade: jesus
(30:25 / Allies) festiveclown23: Well yeah
(30:27 / Allies) practiceok: ahhhahahahaha
(30:28 / Allies) festiveclown23: your armies countered mine
(30:31 / Allies) practiceok: this guy made my day
(30:33 / Allies) festiveclown23: but I still raped you 1v3
(30:41 / Allies) practiceok: nice
(30:46 / Allies) practiceok: only thing youll ever rape
(30:49 / Allies) nShade: such skill
(30:49 / Allies) practiceok: is somoene not fighting you
(30:50 / Allies) practiceok: lol
(30:56 / All) nShade: gg
(30:58 / Allies) festiveclown23: ty teal
(31:03 / Allies) festiveclown23: calm down oj
(31:03 / Allies) practiceok: "when i play legit, i get good records"
(31:05 / Allies) festiveclown23: take a deep breath
(31:07 / Allies) practiceok: LOL
(31:08 / All) orkrog: Win repo'd again orange
(31:11 / Allies) festiveclown23: yeah and when I don't play legit I don't have recs
(31:17 / All) practiceok: rofl
(31:18 / Allies) festiveclown23: just 0-0 backstabbing accounts to rig matchmaking
(31:26 / Allies) MYTHBURSTER: gg
(31:26 / All) practiceok: its cool man
(31:31 / All) practiceok: I need losses
(31:36 / All) practiceok: but
(31:38 / All) practiceok: both of you
(31:40 / All) practiceok: are terrible
(31:41 / All) practiceok: Lol
(31:44 / All) orkrog: lol
(31:46 / All) festiveclown23: raped
(31:49 / All) orkrog: oj lose
(31:52 / All) orkrog: wait
(31:52 / All) festiveclown23: he loses
(32:05 / All) orkrog: k he loses